 Dungeon Crawl Stone Soup version 0.17.0-26-gececa24 (webtiles) character file.

27 MDvedh the Grave Robber (level 3, 0/16 HPs)
             Began as a Vine Stalker Necromancer on Nov 19, 2015.
             Killed from afar by Sigmund (3 damage)
             ... with a puff of flame
             ... on level 2 of the Dungeon.
             The game lasted 00:01:23 (725 turns).

MDvedh the Grave Robber (Vine Stalker Necromancer)   Turns: 725, Time: 00:01:24

Health: 0/16       AC:  6    Str: 11    XL:     3   Next: 10%
Magic:  0/7        EV:  9    Int: 15    God:
Gold:   35         SH:  0    Dex: 14    Spells: 1 memorised, 5 levels left

rFire  . . .     SeeInvis .     e - +0 spear
rCold  . . .     Clarity  .     h - +0 scale mail
rNeg   . . .     SustAt   .     (no shield)
rPois  .         Gourm    .     (no helmet)
rElec  .         Spirit   +     (no cloak)
rCorr  .         Warding  .     (no gloves)
rMut   .         Stasis   .     (no boots)
MR     .....                    (no amulet)
Stlth  +.........               (no ring)
                                (no ring)

@: lethally poisoned (0 -> -11), not resistant to hostile enchantments, very
unstealthy
A: fangs 2, regeneration 1, magic shield, antimagic bite, no device heal 3, rot
immunity
a: no special abilities


You were on level 2 of the Dungeon.
You were not hungry.

You visited 1 branch of the dungeon, and saw 2 of its levels.

You collected 35 gold pieces.

Inventory:

Hand Weapons
 e - a +0 spear (weapon)
Armour
 a - a +0 robe
 h - a +0 scale mail (worn)
Scrolls
 d - a scroll of fear {unknown}
 f - a scroll of identify {unknown}
 g - a scroll of recharging {unknown}
 i - a scroll of magic mapping {unknown}
Potions
 j - a potion of agility {unknown}
 k - a potion of brilliance {unknown}
Books
 b - a book of Necromancy

   Spells                             Type                      Level
   a - Pain                           Necromancy                   1
   b - Animate Skeleton               Necromancy                   1
   c - Vampiric Draining              Necromancy                   3
   d - Regeneration                   Charms/Necromancy            3
   e - Animate Dead                   Necromancy                   4
   f - Control Undead                 Necromancy                   4
Comestibles
 c - a bread ration


   Skills:
 + Level 1.2 Polearms
 - Level 1.5 Dodging
 - Level 2.4 Stealth
 - Level 2.1 Spellcasting
 - Level 4.6 Necromancy


You had 5 spell levels left.
You knew the following spells:

 Your Spells              Type           Power        Failure   Level  Hunger
a - Pain                  Necr           ###.         21%         1    #......


Dungeon Overview and Level Annotations

Branches:
Dungeon (2/15)

Altars:

Annotations:
D:2 Sigmund


Innate Abilities, Weirdness & Mutations

You have extremely sharp teeth.
Your natural rate of healing is unusually fast.
When hurt, damage is shared between your health and your magic reserves.
Your bite disrupts and absorbs the magic of your enemies.
Potions and wands cannot restore your health.
You are immune to rotting.


Message History

Sigmund is lightly wounded.
You feel sick.
Sigmund hits you from afar with a scythe of venom.
You are lethally poisoned!
Attack whom?
Press: ? - help, Dir - move target cursor, f/p - Sigmund
Aim: Sigmund, wielding a scythe of venom and wearing a robe (lightly wounded)
You reach to attack!
You barely miss Sigmund.
Sigmund is lightly wounded.
You feel sick.
Attack whom?
Press: ? - help, Dir - move target cursor, f/p - Sigmund
Aim: Sigmund, wielding a scythe of venom and wearing a robe (lightly wounded)
You reach to attack!
You hit Sigmund.
Sigmund is moderately wounded.
* * * LOW HITPOINT WARNING * * *
You feel sick. Sigmund gestures at you while chanting.
The puff of flame hits you!
You die...

######### #........
#........ # #@.......
######### #........
.)......########@.......
#######.................
..# ##########........
..##### .........
....... #........
..##### #.[...... ..#
###.##### ..# .# ..# .#


You could see Sigmund.

Vanquished Creatures
  2 giant geckos (D:1)
  A ball python (D:1)
  3 bats (D:1)
  2 giant cockroaches (D:1)
  A goblin (D:1)
  4 hobgoblins
  5 kobolds (D:1)
  A quokka (D:2)
  4 rats
23 creatures vanquished.

Vanquished Creatures (others)
  A bat (D:2)
1 creature vanquished.

Grand Total: 24 creatures vanquished

Notes
Turn   | Place    | Note
--------------------------------------------------------------
     0 | D:1      | MDvedh the Vine Stalker Necromancer began the quest for the Orb.
     0 | D:1      | Reached XP level 1. HP: 9/9 MP: 4/4
    97 | D:1      | Reached XP level 2. HP: 8/13 MP: 6/6
   206 | D:1      | Reached skill level 1 in Polearms
   584 | D:2      | Reached XP level 3. HP: 6/16 MP: 2/7
   717 | D:2      | Noticed Sigmund
   725 | D:2      | Killed from afar by Sigmund

Action                   || total
-------------------------++-------
Melee: Spear             ||    72
       Unarmed           ||     2
 Cast: Pain              ||     3
 Stab: Sleeping          ||     4
       Distracted        ||     1
